 Dungeon Crawl Stone Soup version 0.21.1-1-g345015fe64 (webtiles) character file.

147 Dox the Skirmisher (level 5, -1/36 HPs)
             Began as an Octopode Fighter on Apr 29, 2018.
             Slain by a jackal (2 damage)
             ... on level 3 of the Dungeon.
             The game lasted 00:08:19 (1937 turns).

Dox the Skirmisher (Octopode Fighter)               Turns: 1937, Time: 00:08:19

Health: -1/36      AC:  1    Str: 15    XL:     5   Next: 29%
Magic:  5/5        EV: 12    Int: 11    God:
Gold:   145        SH:  8    Dex: 12    Spells: 4/4 levels left

rFire    . . .     SeeInvis .   a - +0 long sword
rCold    . . .     Gourm    .   b - +0 shield
rNeg     . . .     Faith    .   (helmet restricted)
rPois    .         Spirit   .   (no amulet)
rElec    .         Reflect  .   n - ring of flight
rCorr    .         Harm     .   (no ring)
MR       .....                  (no ring)
Stlth    +++.......             (no ring)
HPRegen  0.12/turn              (no ring)
MPRegen  0.09/turn              (no ring)
                                (no ring)
                                (no ring)

@: no status effects
A: almost no armour, stealthy swim, amphibious, 8 rings, constrict 8, camouflage
1, gelatinous body 1
a: Evoke Flight


You were on level 3 of the Dungeon.
You were not hungry.

You visited 1 branch of the dungeon, and saw 3 of its levels.

You collected 145 gold pieces.

Inventory:

Hand Weapons
 a - a +0 long sword (weapon)
Missiles
 o - 50 stones (quivered)
Armour
 b - a +0 shield (worn)
Jewellery
 i - an uncursed amulet of magic regeneration {unknown}
 k - a cursed amulet of inaccuracy {unknown}
 n - a ring of flight (left tentacle)
Scrolls
 j - 2 scrolls of teleportation
 p - 2 scrolls of enchant armour {unknown}
Potions
 c - 2 potions of might
 e - a potion of degeneration {unknown}
 g - a potion of lignification
 h - a potion of brilliance
 q - a potion of curing {unknown}
 r - 3 potions of agility {unknown}
Comestibles
 d - 5 rations


   Skills:
 * Level 3.5 Fighting
 * Level 2.7 Long Blades
 * Level 1.1 Throwing
 * Level 3.5 Dodging
 * Level 3.2 Stealth
 * Level 3.2 Shields
 * Level 1.1 Unarmed Combat
 * Level 0.5 Evocations


You had 4 spell levels left.
You didn't know any spells.

Dungeon Overview and Level Annotations

Branches:
Dungeon (3/15)

Altars:


Innate Abilities, Weirdness & Mutations

You cannot wear most types of armour.
You are very stealthy in the water. (Stealth+)
You are amphibious.
You can wear up to eight rings at the same time.
You can use your tentacles to constrict eight enemies at once.
Your skin changes colour to match your surroundings (Stealth+).
Your rubbery body absorbs attacks. (AC +1, EV +1)


Message History

You have reached level 5!
You feel clever.
The orc throws a throwing net.
The throwing net hits you.
You become entangled in the net!
You struggle against the net.
The jackal bites you.
* * * LOW HITPOINT WARNING * * *
You tear a large gash into the net.
The jackal bites you.
* * * LOW HITPOINT WARNING * * *
The jackal bites you.
* * * LOW HITPOINT WARNING * * *
You rip the net and break free!
The jackal bites you.
* * * LOW HITPOINT WARNING * * *
You miss the jackal. Your grab misses the jackal.
Your squeeze misses the jackal. The jackal closely misses you.
You riposte.
You closely miss the jackal. Your grab misses the jackal.
The jackal barely misses you.
You hit the jackal. Your grab misses the jackal.
The jackal is moderately wounded.
The jackal bites you.
You die...

.....# ##.#.............#
......# #.......#.#......#
.?..<...# #...#####.........
........###.#...# #........#
........##..###........#.###
........##.## ..#....)#.#..
........#..# ###.........
.........o####........#.####
.........oh@....... .. #
[......o########... #
o.......# # ..ยง.......# #
........#...# #
........###.r.. .. ......o##
#.. .# ......# . ######


You could see 2 orc wizards, an orc and a jackal.

Vanquished Creatures
  A bullfrog (D:3)
  4 adders
  2 worms (D:2)
  A dart slug (D:1)
  An orc (D:3)
  4 bats
  3 giant cockroaches
  3 goblins
  7 hobgoblins
  A jackal (D:3)
  7 kobolds
  A frilled lizard (D:1)
  5 rats
40 creatures vanquished.

Notes
Turn   | Place    | Note
-------+----------+-------------------------------------------
     0 | D:1      | Dox the Octopode Fighter began the quest for the Orb.
     0 | D:1      | Reached XP level 1. HP: 16/16 MP: 1/1
   383 | D:1      | Reached XP level 2. HP: 21/21 MP: 2/2
   715 | D:1      | Reached skill level 1 in Stealth
  1116 | D:2      | Reached XP level 3. HP: 26/26 MP: 3/3
  1736 | D:3      | Reached XP level 4. HP: 31/31 MP: 4/4
  1830 | D:3      | Reached skill level 1 in Unarmed Combat
  1916 | D:3      | Noticed a bullfrog
  1932 | D:3      | Killed a bullfrog
  1932 | D:3      | Reached skill level 1 in Throwing
  1932 | D:3      | Reached XP level 5. HP: 6/36 MP: 5/5
  1935 | D:3      | HP: 1/36 [jackal (3)]
  1937 | D:3      | Slain by a jackal

Skill      XL: |  1  2  3  4 |
---------------+-------------+-----
Stealth        | 1 2 3 |  3.2
Unarmed Combat | 1 |  1.1
Throwing       | 1 |  1.1
Fighting       | |  3.5
Long Blades    | |  2.7
Dodging        | |  3.5
Shields        | |  3.2
Evocations     | |  0.5

Action                   |  1- 3 |  4- 6 || total
-------------------------+-------+-------++-------
Melee: Long sword        |    52 |    21 ||    73
       Constrict         |    20 |     9 ||    29
       Short sword       |     5 |     2 ||     7
       Tentacles         |    10 |     3 ||    13
       Punch             |     1 |     1 ||     2
Throw: Stone             |     1 |     3 ||     4
  Use: Scroll            |       |     5 ||     5
 Stab: Sleeping          |    12 |     1 ||    13
       Distracted        |     1 |       ||     1
  Eat: Chunk             |     2 |     1 ||     3
Armor: Skin              |     5 |     1 ||     6
Dodge: Dodged            |    22 |    14 ||    36
Block: Shield            |    15 |    14 ||    29
       Rpst.: Long sword |     5 |     4 ||     9
